 Seeded DCSS version 0.30.1-3-gfc49f6343a (webtiles) character file.

Game seed: 10268835917846980417 (custom seed)

1603 Cheops the Grappler (level 8, 0/75 (79) HPs)
             Began as a Troll Fighter on Aug 7, 2023.
             Was an Initiate of Wu Jian.
             Slain by a wight
             ... wielding a +2 trident
              (3 damage)
             ... on level 6 of the Dungeon.
             The game lasted 00:07:57 (5128 turns).

Cheops the Grappler (Troll Fighter)                 Turns: 5128, Time: 00:07:58

HP:   0/75 (79)     AC:  5    Str: 25    XL:     8   Next: 63%
MP:   7/7           EV:  9    Int:  6    God:    Wu Jian [......]
Gold: 184           SH:  8    Dex:  9    Spells: 7/7 levels left

rFire   . .          .
                       - Unarmed
rCold   . . .        b - +0 kite shield
rNeg    . . .        a - +0 robe
rPois   .            g - +1 hat
rElec   .            (no cloak)
rCorr   .            (gloves unavailable)
SInv    .            (boots unavailable)
Will    .....        d - amulet of the acrobat
Stlth   +            (no ring)
HPRegen 1.12/turn    (no ring)
MPRegen 0.10/turn

%: acrobat
@: lethally poisoned (0 -> -3), slowed, drained, very slow
A: large, unfitting armour, claws 3, regeneration 1, shaggy fur 1, tough skin 1
a: Renounce Religion


You were on level 6 of the Dungeon.
You worshipped Wu Jian.
Wu Jian was noncommittal.
You visited 2 branches of the dungeon, and saw 7 of its levels.

You collected 272 gold pieces.
You spent 88 gold pieces at shops.

Inventory:

Missiles
 p - a throwing net (quivered)
Armour
 a - a +0 robe (worn)
 b - a +0 kite shield (worn)
 g - a +1 hat (worn)
Jewellery
 d - an amulet of the acrobat (around neck)
 h - an amulet of guardian spirit
Wands
 l - a wand of flame (26)
 m - a wand of iceblast (18)
 q - a wand of digging (5)
Scrolls
 e - 2 scrolls of immolation
 v - 2 scrolls of identify
Potions
 c - a potion of might
 f - 3 potions of heal wounds
 i - 5 potions of curing
 j - a potion of ambrosia {unknown}
 r - 3 potions of attraction {unknown}
 s - a potion of brilliance {unknown}
 u - a potion of mutation {unknown}
 w - 2 potions of invisibility {unknown}


   Skills:
 + Level 4.3 Fighting
 - Level 2.4 Dodging
 + Level 4.7 Shields
 * Level 9.3 Unarmed Combat


You had 7 spell levels left.
You didn't know any spells.
Your spell library contained the following spells:

 Spells                   Type           Power      Damage    Failure   Level
 Ensorcelled Hibernation  Hex/Ice        0%         N/A       83%         2
 Scorch                   Fire           0%         2d5       83%         2
 Spider Form              Tmut/Pois      0%         N/A       96%         3
 Anguish                  Hex/Necr       0%         N/A       100%        4
 Flame Wave               Conj/Fire      0%         2d4       100%        4
 Summon Cactus Giant      Summ           0%         N/A       100%        6


Dungeon Overview and Level Annotations

Branches:
Dungeon (6/15)             Temple (1/1) D:5

Altars:
Ashenzari
Elyvilon
Fedhas
Gozag
Hepliaklqana
Kikubaaqudgha
Nemelex Xobeh
Okawaru
Qazlal
Sif Muna
Trog
Uskayaw
Vehumet
Wu Jian
Yredelemnul
The Shining One

Shops:
D:2 !   D:5 (


Innate Abilities, Weirdness & Mutations

You are too large for most types of armour.
You have claws for hands.
Your natural rate of healing is unusually fast.
You are covered in fur. (AC +1)
You have tough skin. (AC +1)


Message History

It was a scroll of poison.
You block the hornet's attack.
The wight hits you from afar with a +2 trident.
* * * LOW HITPOINT WARNING * * *
You feel drained.
* * * LOW HITPOINT WARNING * * *
The wight hits you with a +1 long sword!
* * * LOW HITPOINT WARNING * * *
The black bear bites you.
* * * LOW HITPOINT WARNING * * *
You block the black bear's attack. The black bear closely misses you.
You block the hornet's attack.
Unknown command.
You feel much better. The hornet barely misses you.
The wight closely misses you.
The wight hits you from afar with a +2 trident.
* * * LOW HITPOINT WARNING * * *
The black bear bites you but does no damage.
The black bear claws you.
* * * LOW HITPOINT WARNING * * *
The black bear claws you.
* * * LOW HITPOINT WARNING * * *
The hornet stings you!
* * * LOW HITPOINT WARNING * * *
You are poisoned.
You feel as though you will be slow longer.
You block the wight's attack. The black bear closely misses you.
The black bear claws you but does no damage.
The black bear claws you.
* * * LOW HITPOINT WARNING * * *
The wight hits you from afar with a +2 trident!
* * * LOW HITPOINT WARNING * * *
You feel drained.
* * * LOW HITPOINT WARNING * * *
Blink to where?
Press: ? - help, Dir - move target
As you read the scroll of blinking, it crumbles to dust.
* * * LOW HITPOINT WARNING * * *
You feel very sick.
The wight hits you from afar with a +2 trident.
You die...

*,>,,,* **,,,,,
*,,,,,****######### *,,,,,,
*,,,,,,*,,#.#.....#***,,,,,,
*,,,,,,,,,#........,,,,,,,,, ****
*,,,,,,,_,#........,**,,,,,,
,,,***,,§§§§,,,#§§§§§§..,**,,,,,,
,,,,,,,,,§§§*,,#§§§§§§..,***,,,,,
*,,**,,**#§§####§§§§§§..,* **,,,,
**,,,#!#*#§§o§§§@§§§§§..,* *,,,,
,,,*,....#§§§§§§§§§§§§..,* *,,,,
,***,..§§##§§§zzz§§§§§..** **,,,,
#* *,,,§§§§§§yh.§§§§§§.#****,,,,,
# *****,...#§§§§§§§§§§..,,,,,,,,,
# *,,...##.#§§§§########***,,,,,,
###,**#..§§§§§§§§§### **,*,,,,
..,,* #§§###§§§§§§§§##* *,,*,,,,
#**** #....§§§§§§§#§§§# *,,,,,,,


You could see a hornet, an orc warrior, a black bear and 3 wights.

Vanquished Creatures
  Grinder (D:6)
  Eustachio (D:4)
  A steam dragon (D:6)
  2 ogres
  A centaur (D:6)
  A phantom (D:6)
  Blork the orc (D:4)
  2 bullfrogs
  2 scorpions (D:5)
  A hound (D:4)
  2 jellies (D:5)
  Jessica (D:3)
  An iguana (D:5)
  Natasha (thrice) (D:4)
  An orc wizard (D:3)
  4 gnolls (D:3)
  12 adders
  An ufetubus (D:6)
  2 worms
  4 dart slugs
  6 orcs
  3 bats (D:1)
  9 endoplasms
  3 giant cockroaches
  10 goblins
  3 hobgoblins
  2 jackals (D:1)
  8 kobolds
  5 quokkas
  7 ball pythons
  3 frilled lizards
  11 rats
114 creatures vanquished.

Notes
Turn   | Place    | Note
-------+----------+-------------------------------------------
     0 | D:1      | Cheops the Troll Fighter began the quest for the Orb.
     0 | D:1      | Reached XP level 1. HP: 22/22 MP: 0/0
   100 | D:1      | Reached XP level 2. HP: 28/29 MP: 1/1
   127 | D:1      | Reached skill level 3 in Unarmed Combat
   231 | D:1      | Reached XP level 3. HP: 36/36 MP: 2/2
   435 | D:2      | Found Nywunuuj's Distillery.
   476 | D:2      | Reached skill level 4 in Unarmed Combat
   646 | D:2      | Reached XP level 4. HP: 42/44 MP: 3/3
   719 | D:2      | You fall into a shaft and drop 2 floors!
   782 | D:4      | Found a stormy altar of Qazlal.
  1018 | D:2      | Reached skill level 5 in Unarmed Combat
  1039 | D:2      | Bought a potion of curing for 33 gold pieces
  1339 | D:2      | Reached XP level 5. HP: 50/50 MP: 4/4
  1435 | D:2      | Found a white marble altar of Elyvilon.
  1639 | D:3      | Found a basalt altar of Yredelemnul.
  1837 | D:3      | Reached skill level 6 in Unarmed Combat
  1862 | D:3      | Noticed Jessica
  1879 | D:3      | Killed Jessica
  2187 | D:3      | Reached XP level 6. HP: 59/59 MP: 5/5
  2408 | D:4      | Noticed Blork the orc
  2422 | D:4      | Killed Blork the orc
  2423 | D:4      | Reached skill level 7 in Unarmed Combat
  2424 | D:4      | Noticed Eustachio
  2613 | D:4      | Noticed Natasha
  2625 | D:4      | Killed Natasha
  2643 | D:4      | Found a glowing golden altar of the Shining One.
  2939 | D:4      | Killed Eustachio
  2940 | D:4      | Reached XP level 7. HP: 60/67 MP: 6/6
  3192 | D:2      | Bought a potion of heal wounds for 55 gold pieces
  3245 | D:5      | Entered Level 5 of the Dungeon
  3262 | D:4      | Noticed Natasha
  3268 | D:4      | Killed Natasha
  3309 | D:4      | Found a stormy altar of Qazlal.
  3520 | D:4      | Found a glowing golden altar of the Shining One.
  3543 | D:4      | Noticed Natasha
  3548 | D:4      | Killed Natasha
  4012 | D:5      | Found Pomoobu's Weapon Shoppe.
  4073 | D:5      | Reached skill level 8 in Unarmed Combat
  4123 | D:5      | Found a staircase to the Ecumenical Temple.
  4203 | D:5      | Found a broken altar of Ashenzari.
  4464 | D:5      | Reached XP level 8. HP: 76/76 MP: 7/7
  4708 | Temple   | Entered the Ecumenical Temple
  4849 | Temple   | Became a worshipper of the Wu Jian Council
  4905 | D:6      | Found a hide-covered altar of Uskayaw.
  4976 | D:6      | Found a blossoming altar of Fedhas.
  5007 | D:6      | Noticed Grinder
  5020 | D:6      | Killed Grinder
  5062 | D:6      | Reached skill level 9 in Unarmed Combat
  5121 | D:6      | Noticed a hornet
  5126 | D:6      | HP: 3/77 [black bear (1)]
  5128 | D:6      | Slain by a wight

Illustrated notes

Levels and vault maps discovered:
D:1:      psy_arrival_dodecagon, layout_rooms, minmay_cupped
D:2:      layout_basic, serial_shops, nicolae_shop_getting_attention,
          basic_altar, minmay_misc_feat_alley, nrook_uturn, minmay_door_square,
          minmay_bisected
D:3:      layout_basic, overflow_temple_1_default, uniq_jessica
D:4:      layout_loops_ring, nicolae_qazlal_general_emergency,
          mainiacjoe_overflow_alcove_2, uniq_blork_the_orc, uniq_natasha,
          uniq_eustachio
D:5:      layout_basic, mainiacjoe_overflow_six_doors_small,
          minmay_temple_entry_tees, serial_shops, nicolae_shop_tiny_waterfront
D:6:      layout_rooms, fedhas_altar_1, mainiacjoe_overflow_24_doors,
          mainiacjoe_overflow_alcove_1, mainiacjoe_overflow_cross_hatched,
          minmay_misc_feat_room, uniq_grinder
Temple:   hellmonk_temple_beads

Skill      XL: |  1  2  3  4  5  6  7  8 |
---------------+-------------------------+-----
Unarmed Combat | 3 4 5 6 7 8 9 |  9.3
Shields        | 3 4 |  4.7
Fighting       | 3 4 |  4.3
Dodging        | |  2.4

Action                     |  1- 3 |  4- 6 |  7- 9 || total
---------------------------+-------+-------+-------++-------
  Melee: Unarmed           |    84 |   168 |    66 ||   318
Ability: Lunge             |       |       |     2 ||     2
    Use: Scroll            |       |     3 |     6 ||     9
         Potion            |       |       |     2 ||     2
   Stab: Sleeping          |     1 |       |       ||     1
 Armour: Robe              |    35 |    34 |    18 ||    87
  Dodge: Dodged            |    23 |    56 |    28 ||   107
  Block: Kite shield       |    22 |    42 |    31 ||    95
